 Dungeon Crawl Stone Soup version 0.25.0-9-g26727b657a (webtiles) character file.

Game seed: 17797971707287832579

25690 nikku the Warrior (level 12, -4/121 HPs)
             Began as a Minotaur Berserker on June 20, 2020.
             Was a Priest of Trog.
             Slain by a fire elemental (10 damage)
             ... led by Azrael
             ... on level 12 of the Dungeon.
             The game lasted 00:42:58 (14904 turns).

nikku the Warrior (Minotaur Berserker)             Turns: 14904, Time: 00:42:58

Health: -4/121     AC:  3    Str: 26    XL:     12   Next: 91%
Magic:  11/11      EV: 10    Int:  4    God:    Trog [***...]
Gold:   604        SH: 20    Dex: 17    Spells: 11/11 levels left

rFire    . . .     SeeInvis .   a - +4 hand axe (freeze)
rCold    . . .     Gourm    .   u - +0 tower shield
rNeg     . . .     Faith    .   (no armour)
rPois    .         Spirit   .   (helmet restricted)
rElec    .         Reflect  .   C - +0 cloak
rCorr    .         Harm     .   j - +0 pair of gloves
MR       +....                  (no boots)
Stlth    ++........             f - amulet of the acrobat
HPRegen  0.30/turn              s - ring of protection from magic
MPRegen  0.12/turn              F - +6 ring of dexterity

@: no status effects
A: retaliatory headbutt, horns 2
a: Berserk, Trog's Hand, Renounce Religion


You were on level 12 of the Dungeon.
You worshipped Trog.
Trog was most pleased with you.
You were not hungry.

You visited 1 branch of the dungeon, and saw 12 of its levels.
You also visited: Ossuary.

You collected 604 gold pieces.

Inventory:

Hand Weapons
 a - a +4 hand axe of freezing (weapon)
 e - a +0 war axe
 L - a +0 broad axe
Missiles
 g - 91 poisoned darts (quivered)
 B - 4 curare-tipped darts
Armour
 b - a +0 plate armour
 j - a +0 pair of gloves (worn)
 u - a +0 tower shield (worn)
 C - a +0 cloak (worn)
 E - a +1 chain mail of cold resistance
 G - a +2 ring mail of fire resistance
Jewellery
 f - an amulet of the acrobat (around neck)
 s - a ring of protection from magic (left hand)
 F - a +6 ring of dexterity (right hand)
Wands
 o - a wand of iceblast (23)
 r - a wand of flame (14)
 v - a wand of enslavement (6)
 y - a wand of polymorph (25)
Scrolls
 d - 3 scrolls of teleportation
 i - 3 scrolls of fog
 k - 5 scrolls of remove curse
 p - a scroll of silence
 q - 4 scrolls of magic mapping
 x - 2 scrolls of enchant weapon
 A - 2 scrolls of identify
 H - 2 scrolls of blinking
Potions
 h - 3 potions of haste
 l - a potion of heal wounds
 m - 5 potions of curing
 n - a potion of resistance
 t - a potion of cancellation
 w - 2 potions of lignification
 D - a potion of mutation
Miscellaneous
 J - a phantom mirror
Comestibles
 c - 23 rations


   Skills:
 * Level 15.3 Fighting
 + Level 12.4 Axes
 + Level 12.2 Armour
 - Level 2.1 Dodging
 + Level 12.0 Shields


You had 11 spell levels left.
You didn't know any spells.
Your spell library was empty.

Dungeon Overview and Level Annotations

Branches:
Dungeon (12/15)            Temple (0/1) D:5            Lair (0/6) D:11
    Orc (0/2) D:10        Ossuary (visited)

Altars:
Elyvilon
Kikubaaqudgha
Makhleb
Nemelex Xobeh
Qazlal
Sif Muna
Wu Jian

Shops:
D:6 (   D:10 (

Portals:
Trove: D:11 (give 4 scrolls of fear)

Annotations:
D:4 exclusion: door
D:12 Azrael


Innate Abilities, Weirdness & Mutations

You reflexively headbutt those who attack you in melee.
You have a pair of horns on your head.


Message History

Azrael burns you!
You start putting on your armour.
You continue putting on your +2 ring mail of fire resistance.
The hell hound bites you. The fire elemental hits you.
The fire elemental burns you! The hell hound bites you!
You continue putting on your +2 ring mail of fire resistance.
Azrael hits you with a +4 scimitar of flaming!!
* * * LOW HITPOINT WARNING * * *
Azrael burns you.
* * * LOW HITPOINT WARNING * * *
The hell hound barely misses you. You block the fire elemental's attack.
You continue putting on your +2 ring mail of fire resistance.
You block the hell hound's attack. The fire elemental hits you.
The fire elemental burns you!
* * * LOW HITPOINT WARNING * * *
You block Azrael's attack. The hell hound bites you.
* * * LOW HITPOINT WARNING * * *
You continue putting on your +2 ring mail of fire resistance.
The fire elemental hits you. The fire elemental burns you!
You die...

#..............................
#.............○............p...
#.............°.....#......)...
#.........#####....###.........
#...[.....# #...## ##.(......
#.........# #..## ##......<
#.........# #...## ##........
#.........#####R...###.........
#.............@EE...#..........
#..............h...............
#...........................p..
#..............................
#...........................#p.
#..........................###p
#.........................## ##
#........................## #
#.........................## ##


You could see Azrael, 2 fire elementals and a hell hound.

Vanquished Creatures
  Kirke (D:12)
  Nessos (D:12)
  An ogre mage (D:11)
  Harold (D:7)
  2 death knights (D:11)
  2 centaur warriors
  2 two-headed ogres
  An unseen horror (D:12)
  Pikel (D:5)
  2 manticores
  A cyclops (D:12)
  Joseph (D:7)
  A gargoyle (D:12)
  2 kobold demonologists
  3 trolls
  3 slime creatures (D:12)
  6 hippogriffs
  A vampire (D:11)
  5 hogs
  2 wraiths
  A human (D:9)
  A basilisk (D:11)
  12 yaks
  2 hungry ghosts
  2 vampire mosquitoes (D:10)
  An acid dragon (D:10)
  A soldier ant (D:12)
  2 water moccasins
  A hell hound (D:12)
  5 orc warriors
  A sky beast (D:6)
  Duvessa (D:7)
  A slave (D:5)
  2 ice beasts
  2 black bears
  2 phantoms (D:7)
  2 necrophages
  4 ogres
  3 centaurs
  8 bullfrogs
  Dowan (D:7)
  3 jellies
  2 wyvern skeletons
  5 scorpions
  6 killer bees (D:11)
  13 wights
  An electric eel (D:9)
  4 howler monkeys
  8 centaur zombies
  7 crimson imps
  3 bullfrog zombies
  6 centaur skeletons
  5 hounds
  13 orc wizards
  10 orc priests
  3 bullfrog skeletons
  4 iguanas
  8 worker ants
  9 big kobold zombies (Ossuary)
  A hound zombie (D:6)
  A mummy (Ossuary)
  A gnoll (D:1)
  16 adders
  A shadow imp (D:12)
  An ooze (D:2)
  An adder skeleton (D:9)
  An adder zombie (D:5)
  2 worms
  4 dart slugs
  8 leopard geckos
  44 orcs
  5 spectral bats (Ossuary)
  6 bats
  7 giant cockroaches
  3 gnoll zombies (Ossuary)
  7 goblins
  7 hobgoblins
  18 jackals
  3 quokkas
  A ball python (D:5)
  A ball python skeleton (D:4)
  2 bat simulacra (Ossuary)
  6 frilled lizards
  4 goblin simulacra (Ossuary)
  6 goblin zombies
  4 hobgoblin zombies (Ossuary)
  7 kobolds
  3 kobold zombies (Ossuary)
  6 orc zombies (Ossuary)
  2 quokka skeletons
  4 rats
  5 rat simulacra (Ossuary)
  A rat zombie (D:4)
  2 spectral goblins (Ossuary)
  3 spectral kobolds (Ossuary)
  6 spectral rats (Ossuary)
  A fungus (D:11)
405 creatures vanquished.

Vanquished Creatures (others)
  A bullfrog zombie (D:12)
  3 fungi (D:11)
4 creatures vanquished.

Grand Total: 409 creatures vanquished

Notes
Turn   | Place    | Note
-------+----------+-------------------------------------------
     0 | D:1      | nikku the Minotaur Berserker began the quest for the Orb.
     0 | D:1      | Reached XP level 1. HP: 19/19 MP: 0/0
    54 | D:1      | Reached skill level 4 in Fighting
    54 | D:1      | Reached XP level 2. HP: 27/27 MP: 1/1
   481 | D:1      | Reached XP level 3. HP: 34/34 MP: 2/2
  1207 | D:2      | Reached skill level 5 in Fighting
  1207 | D:2      | Reached XP level 4. HP: 24/42 MP: 3/3
  1402 | D:2      | Reached ** piety under Trog
  1704 | D:2      | Found an ornate altar of the Wu Jian Council.
  1865 | D:2      | Found a stormy altar of Qazlal.
  2241 | D:3      | Reached XP level 5. HP: 46/48 MP: 4/4
  3333 | D:4      | Found a sand-covered staircase.
  3340 | Ossuary  | Entered an ossuary
  3423 | Ossuary  | Reached *** piety under Trog
  3513 | Ossuary  | Reached skill level 6 in Fighting
  3554 | Ossuary  | Reached skill level 5 in Axes
  3627 | Ossuary  | Reached XP level 6. HP: 51/57 MP: 5/5
  3772 | Ossuary  | Reached **** piety under Trog
  4416 | D:4      | Reached skill level 7 in Fighting
  4421 | D:4      | Reached skill level 5 in Armour
  4421 | D:4      | Reached XP level 7. HP: 29/66 MP: 6/6
  4602 | D:4      | Found a shimmering blue altar of Sif Muna.
  4877 | D:5      | Entered Level 5 of the Dungeon
  5258 | D:5      | Noticed Pikel
  5315 | D:5      | Killed Pikel
  5315 | D:5      | Reached skill level 8 in Fighting
  5315 | D:5      | Reached XP level 8. HP: 77/77 MP: 7/7
  5380 | D:5      | Reached skill level 9 in Fighting
  5643 | D:5      | Found a staircase to the Ecumenical Temple.
  6292 | D:6      | Reached skill level 10 in Fighting
  6416 | D:6      | Found Keomephehe's Antique Weapon Shoppe.
  6847 | D:6      | Reached XP level 9. HP: 85/85 MP: 8/8
  6896 | D:6      | Found a white marble altar of Elyvilon.
  7518 | D:7      | Reached skill level 1 in Shields
  7616 | D:7      | Reached skill level 11 in Fighting
  7665 | D:7      | Noticed Duvessa
  7667 | D:7      | Noticed Dowan
  7675 | D:7      | Killed Duvessa
  7678 | D:7      | Killed Dowan
  7691 | D:7      | Noticed Joseph
  7711 | D:7      | Killed Joseph
  7711 | D:7      | Reached skill level 5 in Shields
  7918 | D:7      | Noticed Harold
  7936 | D:7      | Killed Harold
  7936 | D:7      | Reached XP level 10. HP: 95/95 MP: 9/9
  8608 | D:8      | You fall into a shaft and drop 2 floors!
  8608 | D:10     | Entered Level 10 of the Dungeon
  9081 | D:8      | Found an ancient bone altar of Kikubaaqudgha.
  9394 | D:8      | Reached skill level 12 in Fighting
  9994 | D:9      | Reached skill level 10 in Axes
 10522 | D:10     | Found Noguvost's Antique Weapon Shoppe.
 10735 | D:10     | Reached XP level 11. HP: 103/103 MP: 10/10
 10795 | D:10     | Found a staircase to the Orcish Mines.
 10810 | D:10     | Reached skill level 10 in Armour
 11274 | D:10     | Noticed a centaur warrior
 11279 | D:10     | Noticed a five-headed hydra
 11285 | D:10     | Killed a centaur warrior
 11860 | D:11     | Noticed a two-headed ogre
 11869 | D:11     | Killed a two-headed ogre
 11869 | D:11     | Reached skill level 10 in Shields
 12063 | D:11     | Found a staircase to the Lair.
 12125 | D:11     | Found a portal to a secret trove of treasure.
 12264 | D:11     | Reached skill level 13 in Fighting
 12369 | D:11     | Noticed an ogre mage
 12388 | D:11     | Killed an ogre mage
 12397 | D:11     | Found a burning altar of Makhleb.
 12401 | D:11     | Identified the +7 ring mail "Gamed" {rC+ Str+3}
 12401 | D:11     | Noticed a death knight
 12434 | D:11     | Killed a death knight
 12595 | D:11     | Noticed a death knight
 12609 | D:11     | Killed a death knight
 12609 | D:11     | Reached XP level 12. HP: 73/115 MP: 11/11
 12840 | D:11     | Noticed a centaur warrior
 12852 | D:11     | Killed a centaur warrior
 12974 | D:11     | Found a sparkling altar of Nemelex Xobeh.
 13191 | D:11     | Reached skill level 14 in Fighting
 13360 | D:12     | Noticed a two-headed ogre
 13485 | D:12     | Killed a two-headed ogre
 14012 | D:12     | Noticed Nessos
 14029 | D:12     | Noticed Kirke
 14416 | D:12     | Killed Kirke
 14420 | D:12     | Reached skill level 15 in Fighting
 14473 | D:12     | Killed Nessos
 14894 | D:12     | Noticed Azrael
 14903 | D:12     | HP: 6/121 [hell hound[Azrael] (1)]
 14904 | D:12     | Slain by a fire elemental

Illustrated notes

Levels and vault maps discovered:
D:1:      mrwooster_arrival_statue, layout_loops_ring
D:2:      layout_rooms, nicolae_overflow_crystal_walls,
          lemuel_coloured_pillars_altar
D:3:      kennysheep_six_static_rooms, layout_basic, serial_rivers,
          chequers_serial_rivers_room_b, chequers_serial_rivers_micro_c,
          chequers_serial_rivers_small_3, chequers_serial_rivers_micro_e,
          chequers_serial_rivers_large_b, chequers_serial_rivers_large_a
D:4:      layout_basic, led_sif_book, enter_ossuary_4
D:5:      layout_basic, minmay_temple_entry_glassed_door, first_ration,
          uniq_pikel
D:6:      layout_gridville, kennysheep_little_box, serial_shops, shop
D:7:      layout_cave_pools, uniq_duvessa, uniq_harold, uniq_joseph
D:8:      layout_basic, nicolae_overflow_hidden_temple
D:9:      layout_basic, chequers_mini_garden, grunt_livestock
D:10:     minmay_tri_box, layout_basic, david_orc_3, serial_shops,
          nicolae_shop_waterfront, serial_aquarium, aquarium_bridge_straight
          [aquarium_subvault_bridge, aquarium_subvault_balcony,
          aquarium_subvault_bridge, aquarium_subvault_balcony],
          aquarium_window_1, aquarium_window_fake, aquarium_view_2e,
          aquarium_view_2f, st_stairs_13
D:11:     minmay_the_grid_triangle_9x9_recursive_3_mashed
          [minmay_the_grid_triangle_9x9_shrine,
          minmay_the_grid_triangle_9x9_corrupted_corridor,
          minmay_the_grid_triangle_9x9_impossible_snake,
          minmay_the_grid_triangle_9x9_prize_schism,
          minmay_the_grid_triangle_9x9_zippers_horizontal,
          minmay_the_grid_triangle_9x9_from_above,
          minmay_the_grid_triangle_9x9_alien,
          minmay_the_grid_triangle_9x9_longest,
          minmay_the_grid_triangle_9x9_checkered], layout_irregular_city,
          grunt_lair_entry_orc_guard_hut, enter_trove_1, nemelex_altar_shiori
D:12:     layout_big_octagon, serial_shops, nicolae_shop_behind_doors,
          uniq_azrael, uniq_kirke, uniq_nessos

Skill      XL: |  1  2  3  4  5  6  7  8  9 10 11 12 |
---------------+-------------------------------------+-----
Fighting       | 4 5 6 7 8 10 11 12 13 15 | 15.3
Axes           | 4 5 6 7 9 10 11 12 | 12.4
Armour         | 3 4 5 6 7 8 9 11 12 | 12.2
Shields        | 6 9 10 12 | 12.0
Dodging        | |  2.1

Action                   |  1- 3 |  4- 6 |  7- 9 | 10-12 || total
-------------------------+-------+-------+-------+-------++-------
Melee: Hand axe          |    74 |   238 |   302 |   680 ||  1294
       Headbutt          |    12 |    52 |    55 |   181 ||   300
Throw: Dart              |       |       |     5 |       ||     5
Invok: Trog's Hand       |       |     3 |    14 |    25 ||    42
       Berserk           |       |     2 |     4 |    13 ||    19
       Brothers in Arms  |       |       |       |     1 ||     1
  Use: Scroll            |     4 |     7 |     8 |    14 ||    33
       Potion            |       |       |       |     3 ||     3
 Stab: Sleeping          |     1 |       |     1 |       ||     2
  Eat: Chunk             |     1 |     9 |    17 |    32 ||    59
       Ration            |       |     1 |     1 |     6 ||     8
Armor: Animal skin       |    11 |    44 |       |       ||    55
       Leather armour    |       |     2 |    41 |       ||    43
       Ring mail         |       |       |    39 |    35 ||    74
       Chain mail        |       |       |       |   163 ||   163
       Skin              |       |       |       |     3 ||     3
Dodge: Dodged            |    52 |   164 |   150 |   138 ||   504
Block: Tower shield      |       |       |    82 |   592 ||   674
